Map: Ulzaan

Players

OpuS - Winner!

  • Race: Protoss Protoss
  • League: Diamond
  • Spawn Location: 9:00

Sketchaphone - Winner!

  • Race: Zerg Zerg
  • League: Platinum
  • Spawn Location: 11:00

Daemonic

  • Race: Zerg Zerg
  • League: Diamond
  • Spawn Location: 1:00

Timoteo

  • Race: Zerg Zerg
  • Spawn Location: 3:00

VOD

Have the link to the VOD?

Description

Time

  • Played on: March 3, 2019, 9:58 p.m.
  • Length: 12:43
Show
View Real Time Build Order
Export as new Build Order

OpuS Protoss - Winner!

Build Orders: 1 Gate Expand, Dark Templar Rush 

Get SALT Encoding   

  12  0:01  Probe  
  13  0:13  Probe  
  14  0:21  Pylon  
  14  0:25  Probe  
  15  0:39  Probe  
  15  0:42  Gateway  
  16  0:51  Probe  
  16  0:52  Assimilator  
  17  1:03  Probe  
  18  1:15  Probe  
  19  1:32  Nexus  
  19  1:38  Cybernetics Core  
  19  1:40  Probe  
  20  1:53  Probe  
  21  1:58  Pylon  
  21  2:03  Gateway  
  21  2:09  Probe  
  21  2:12  Assimilator  
  22  2:16  Warp Gate  
  22  2:22  Adept  
  24  2:25  Probe  
  25  2:37  Twilight Council  
  25  2:42  Pylon  
  25  2:46  Probe  
  25  2:50  Probe  
  26  2:59  Stalker  
  28  3:05  Probe  
  28  3:06  Probe  
  28  3:12  Charge  
  30  3:21  Pylon  
  30  3:22  Probe x2  
  32  3:34  Probe x2  
  34  3:46  Dark Shrine  
  34  3:51  Probe x2  
  36  3:59  Shield Battery  
  36  4:01  Shield Battery  
  36  4:15  Pylon  
  36  4:16  Probe  
  36  4:17  Probe  
  38  4:19  Adept x2  
  42  4:29  Probe x2, Gateway  
  44  4:31  Gateway  
  44  4:38  Pylon, Shadow Stride  
  44  4:41  Probe x2  
  46  4:53  Probe x2  
  48  5:00  Dark Templar  
  48  5:01  Dark Templar  
  48  5:05  Assimilator  
  52  5:11  Assimilator  
  52  5:12  Gateway  
  52  5:14  Gateway  
  52  5:15  Probe  
  52  5:16  Probe  
  54  5:24  Gateway  
  54  5:27  Gateway  
  54  5:30  Probe x2  
  56  5:39  Dark Templar  
  56  5:40  Dark Templar  
  60  5:42  Dark Templar  
  58  5:57  Dark Templar  
  60  6:11  Pylon  
  60  6:13  Pylon  
  60  6:16  Dark Templar  
  60  6:17  Dark Templar  
  60  6:18  Zealot x3  
  70  6:32  Nexus  
  70  6:37  Dark Templar  
  72  6:40  Dark Templar  
  72  6:41  Zealot  
  76  6:48  Zealot x2  
  76  6:51  Dark Templar  
  82  7:04  Pylon  
  82  7:07  Pylon  
  82  7:39  Dark Templar  
  82  7:40  Dark Templar x3  
  82  7:42  Probe x2  
  88  7:44  Probe  
  88  7:48  Forge  
  88  7:51  Forge  
  89  7:54  Probe x2  
  69  8:06  Probe  
  69  8:09  Dark Templar x2  
  69  8:12  Protoss Ground Weapons Level 1, Dark Templar  
  76  8:13  Probe x2  
  76  8:16  Protoss Ground Armor Level 1  
  76  8:17  Pylon  
  76  8:18  Probe  
  76  8:19  Pylon  
  71  8:30  Zealot x5  
  81  8:38  Probe x2, Gateway  
  81  8:39  Probe  
  84  8:42  Dark Templar  
  84  8:43  Gateway  
  84  8:47  Zealot  
  88  8:48  Zealot  
  88  8:52  Probe x3  
  88  8:54  Dark Templar  
  95  9:00  Zealot  
  97  9:03  Zealot  
  97  9:08  Probe  
  97  9:09  Probe x2  
  102  9:13  Assimilator  
  102  9:16  Assimilator  
  102  9:21  Probe x2  
  88  9:46  Zealot  
  88  9:47  Zealot x3, Protoss Ground Weapons Level 2  
  88  9:48  Zealot x2  
  88  9:49  Zealot x4, Protoss Ground Armor Level 2  
  88  9:50  Probe  
  88  9:51  Probe x2  
  97  9:56  Gateway  
  97  9:58  Gateway  
  95  10:03  Probe  
  95  10:04  Templar Archives  
  94  10:14  Zealot  
  94  10:15  Zealot x5  
  106  10:51  Nexus  
  106  10:58  Dark Templar x5  
  106  10:59  Dark Templar x4  
  122  11:12  Dark Templar x2  
  122  11:14  Zealot  
  116  11:24  Assimilator  
  104  11:27  Assimilator  
  104  11:30  Pylon, Dark Templar  
  104  11:31  Dark Templar  
  104  11:32  Pylon  
  108  11:33  Dark Templar  
  108  11:34  Zealot x3  
  108  11:35  Zealot x2  
  118  11:49  Probe x3  
  121  12:00  Gateway  
  121  12:02  Probe x3, Gateway  
  121  12:03  Probe  
  121  12:04  Gateway  
  121  12:06  Gateway  
  125  12:30  Dark Templar x5  
  125  12:31  Dark Templar x2  
Show
View Real Time Build Order
Export as new Build Order

Sketchaphone Zerg - Winner!

Build Orders: Hatch First 

Get SALT Encoding   

  12  0:01  Drone  
  13  0:12  Overlord  
  13  0:18  Drone  
  14  0:28  Drone, Extractor  
  13  0:31  Drone  
  13  0:34  Drone  
  17  0:57  Hatchery  
  17  1:00  Drone  
  17  1:01  Drone  
  18  1:10  Extractor  
  17  1:11  Drone  
  18  1:23  Spawning Pool, Drone  
  18  1:31  Drone  
  19  1:38  Overlord  
  19  1:49  Drone  
  20  2:00  Drone  
  21  2:12  Lair  
  21  2:16  Drone x2, Extractor  
  21  2:17  Queen  
  21  2:21  Drone  
  25  2:29  Drone  
  26  2:32  Zergling x2  
  26  2:35  Drone  
  28  2:41  Drone  
  29  2:44  Drone  
  30  2:52  Drone  
  32  2:58  Drone  
  32  2:59  Hatchery  
  31  3:06  Roach Warren  
  30  3:18  Evolution Chamber, Drone x2  
  31  3:21  Evolution Chamber  
  30  3:28  Queen  
  30  3:33  Drone x2  
  34  3:35  Drone  
  34  3:38  Drone  
  36  3:47  Glial Reconstitution  
  36  3:51  Zerg Ground Armor Level 1  
  36  3:55  Zerg Missile Weapons Level 1  
  36  4:10  Overlord  
  36  4:12  Overlord x2  
  36  4:19  Roach  
  36  4:20  Drone x2  
  40  4:29  Drone x2  
  42  4:39  Overlord  
  42  4:40  Queen  
  42  4:42  Queen  
  42  4:45  Drone x3  
  49  4:46  Drone  
  49  4:50  Drone x2  
  52  5:02  Roach  
  52  5:03  Roach x3  
  52  5:04  Roach  
  52  5:06  Drone  
  63  5:13  Roach  
  63  5:14  Roach x2  
  69  5:16  Roach  
  69  5:19  Roach  
  73  5:25  Burrow  
  73  5:26  Tunneling Claws  
  73  5:29  Overlord  
  73  5:30  Drone  
  74  5:52  Roach, Nydus Network  
  74  5:53  Roach x3  
  81  6:15  Drone, Extractor  
  81  6:16  Drone  
  81  6:17  Overlord x2  
  81  6:18  Extractor  
  83  6:40  Metabolic Boost, Roach x8  
  97  6:59  Overlord x2  
  97  7:00  Drone  
  98  7:06  Nydus Canal  
  98  7:09  Overlord  
  98  7:10  Overlord  
  98  7:19  Roach  
  98  7:20  Roach x7  
  114  7:35  Roach  
  100  7:46  Roach x8  
  100  7:47  Roach x5  
  116  7:52  Roach  
  116  7:56  Roach  
  120  8:02  Roach x2  
  122  8:10  Zerg Ground Armor Level 2  
  118  8:24  Roach  
  118  8:25  Roach x5  
  126  8:34  Hydralisk Den  
  125  8:37  Roach x13, Drone x3, Extractor  
  125  8:39  Extractor  
  126  8:55  Roach x8  
  124  9:00  Roach x4  
  128  9:05  Nydus Canal  
  128  9:08  Overlord, Roach x2  
  116  9:28  Roach x10  
  130  9:32  Overlord  
  130  9:39  Pneumatized Carapace  
  130  9:41  Nydus Canal  
  130  9:50  Overlord x2  
  130  9:52  Drone  
  131  10:06  Roach x32  
  131  10:19  Roach  
  131  10:20  Roach x8  
  149  10:24  Roach x26  
  135  10:42  Roach x22  
  133  10:47  Roach x8  
  145  10:51  Roach x17  
  117  11:12  Zergling x14  
  110  11:23  Drone x2  
  110  11:25  Infestation Pit  
  101  11:26  Drone  
  96  11:47  Roach  
  87  12:05  Roach x15  
  113  12:09  Roach  
  111  12:17  Nydus Canal  
  111  12:19  Roach x3  
Show
View Real Time Build Order
Export as new Build Order

Daemonic Zerg 

Build Orders: Hatch First 

Get SALT Encoding   

  12  0:01  Drone  
  13  0:13  Overlord  
  13  0:23  Drone  
  14  0:31  Drone  
  15  0:38  Drone  
  15  0:39  Drone  
  17  0:45  Drone  
  18  1:06  Hatchery  
  18  1:08  Drone x2, Extractor  
  18  1:24  Spawning Pool  
  17  1:27  Drone  
  17  1:29  Drone  
  19  1:39  Drone  
  20  1:51  Drone  
  21  2:04  Drone  
  22  2:11  Overlord  
  22  2:19  Hatchery  
  22  2:20  Metabolic Boost  
  21  2:33  Drone  
  21  2:36  Overlord  
  22  2:49  Drone  
  23  2:54  Overlord  
  23  2:58  Drone x2  
  23  2:59  Drone  
  23  3:05  Drone  
  27  3:08  Spore Crawler  
  27  3:09  Spine Crawler  
  27  3:10  Drone  
  26  3:18  Drone  
  27  3:20  Drone  
  28  3:27  Drone  
  28  3:32  Overlord  
  29  3:35  Drone  
  29  3:39  Drone  
  29  3:40  Queen  
  29  3:41  Queen  
  33  3:45  Overlord  
  35  3:50  Drone x2  
  35  3:52  Drone  
  35  3:54  Drone  
  39  3:59  Lair  
  39  4:01  Drone  
  40  4:03  Drone  
  40  4:05  Drone  
  42  4:11  Drone  
  42  4:14  Drone x2  
  45  4:21  Drone  
  45  4:24  Overlord, Queen  
  46  4:25  Drone  
  49  4:32  Drone  
  49  4:36  Pneumatized Carapace  
  49  4:37  Hatchery  
  49  4:39  Drone  
  50  4:47  Drone x2  
  50  4:48  Overlord  
  50  4:50  Drone  
  50  4:51  Drone x2  
  55  4:56  Queen, Drone x2  
  55  4:57  Drone  
  55  4:59  Drone  
  61  5:00  Overseer  
  61  5:07  Drone x2  
  61  5:08  Drone  
  61  5:09  Drone  
  61  5:10  Overlord, Drone  
  66  5:25  Overlord, Drone  
  66  5:26  Drone x2  
  66  5:27  Overlord, Drone x2, Extractor  
  70  5:34  Spire  
  70  5:35  Drone x2  
  71  5:38  Drone  
  71  5:39  Drone  
  73  5:43  Drone x2  
  73  5:44  Overlord  
  73  5:45  Drone  
  73  5:46  Drone  
  77  6:07  Overlord, Drone x2  
  77  6:09  Spine Crawler  
  77  6:10  Spine Crawler  
  77  6:11  Spine Crawler  
  77  6:12  Spine Crawler, Drone  
  77  6:13  Spine Crawler, Drone x10  
  77  6:14  Spine Crawler  
  77  6:18  Spine Crawler x3  
  82  6:19  Overseer  
  82  6:21  Spore Crawler  
  82  6:25  Drone x3  
  82  6:26  Queen  
  82  6:30  Drone x3  
  88  6:44  Overlord, Drone  
  89  6:48  Extractor  
  89  6:50  Drone x5, Extractor  
  89  6:51  Extractor  
  89  6:52  Zerg Flyer Weapons Level 1, Extractor  
  90  6:56  Hydralisk Den  
  89  7:03  Extractor  
  89  7:05  Extractor  
  87  7:17  Zergling x4, Drone  
  81  7:28  Hydralisk  
  81  7:29  Hydralisk x2  
  85  7:30  Overlord  
  85  7:31  Zergling x2  
  85  7:32  Zergling x18  
  72  7:51  Hydralisk  
  72  7:52  Zergling x2  
  72  7:53  Zergling x18  
  72  7:57  Overseer  
  78  8:02  Drone x2  
  78  8:04  Zergling x2  
  74  8:09  Zergling x4  
  74  8:10  Zergling x4  
  74  8:13  Hydralisk  
  74  8:20  Hydralisk  
  74  8:21  Zergling x4  
  74  8:25  Zergling x2  
  74  8:27  Queen x2  
  75  8:29  Zergling x2  
  73  8:39  Hydralisk  
  70  8:44  Zergling x4, Hydralisk  
  70  8:46  Zergling x6  
  77  8:51  Hydralisk  
  75  8:58  Hydralisk  
  75  9:00  Hydralisk  
  75  9:01  Zergling x2  
  75  9:02  Zergling x4  
  81  9:07  Queen x2  
  81  9:08  Hydralisk  
  83  9:16  Hydralisk  
  85  9:21  Hydralisk  
  85  9:22  Hydralisk  
  89  9:24  Hydralisk  
  89  9:27  Zergling x4  
  89  9:30  Hydralisk  
  95  9:34  Zergling x4  
  95  9:35  Hydralisk  
  95  9:36  Overlord  
  95  9:37  Overseer  
  85  9:39  Overseer  
  85  9:43  Queen x2  
  83  10:15  Hydralisk x7  
  83  10:16  Hydralisk  
  83  10:17  Zergling x2  
  100  10:25  Hydralisk x2  
  100  10:27  Zergling x6  
  95  10:31  Hydralisk  
  95  10:32  Overlord  
  65  10:39  Zergling x2, Hydralisk  
  63  10:49  Hydralisk  
  59  10:50  Overlord  
  56  11:00  Drone x4  
  56  11:01  Drone x2  
  56  11:03  Drone  
  54  11:22  Drone x3  
  54  11:23  Drone x2  
  54  11:24  Drone x2  
  47  11:30  Drone  
  47  11:31  Overlord  
  47  11:32  Drone x2  
  44  11:50  Overlord  
  44  11:53  Drone  
  44  11:54  Drone  
  44  11:58  Overlord  
  44  12:03  Drone  
  44  12:04  Overlord  
  45  12:19  Spawning Pool  
Show
View Real Time Build Order
Export as new Build Order

Timoteo Zerg 

Build Orders: Hatch First 

Get SALT Encoding   

  12  0:01  Drone  
  13  0:08  Drone  
  14  0:19  Overlord  
  14  0:37  Drone x3  
  17  1:01  Drone  
  17  1:02  Hatchery, Drone  
  18  1:12  Drone  
  19  1:19  Spawning Pool  
  19  1:22  Drone  
  19  1:31  Drone  
  21  1:47  Drone  
  21  1:59  Drone  
  22  2:03  Overlord  
  22  2:13  Queen, Roach Warren  
  22  2:14  Drone x2  
  25  2:16  Extractor  
  24  2:25  Drone  
  24  2:26  Extractor  
  24  2:27  Drone  
  24  2:29  Queen  
  27  2:35  Drone  
  27  2:36  Drone  
  29  2:47  Drone x2  
  31  2:56  Drone  
  31  2:57  Drone  
  33  3:13  Zergling x4  
  35  3:20  Drone  
  36  3:28  Overlord  
  36  3:30  Overlord x2  
  36  3:31  Overlord, Hatchery  
  35  3:34  Zergling x2  
  35  3:38  Metabolic Boost  
  36  3:49  Roach  
  36  3:51  Drone  
  39  3:56  Spine Crawler  
  39  3:58  Zergling x2  
  39  3:59  Evolution Chamber  
  39  4:01  Zergling x2  
  38  4:20  Roach x3  
  38  4:21  Roach  
  46  4:26  Baneling Nest  
  45  4:34  Lair  
  45  4:37  Drone  
  45  4:38  Drone  
  47  4:47  Zerg Ground Armor Level 1  
  47  4:52  Drone  
  48  4:53  Drone  
  48  4:57  Drone  
  50  5:01  Spore Crawler  
  49  5:07  Extractor  
  49  5:08  Drone  
  49  5:10  Drone  
  49  5:13  Extractor  
  49  5:14  Baneling x2  
  49  5:15  Baneling  
  49  5:16  Baneling  
  49  5:17  Baneling  
  49  5:18  Baneling  
  49  5:22  Roach  
  49  5:24  Drone  
  49  5:26  Drone  
  53  5:29  Drone  
  53  5:33  Drone  
  55  5:36  Drone  
  55  5:37  Drone  
  55  5:39  Drone  
  58  5:43  Drone  
  56  5:58  Roach x3  
  56  5:59  Roach x2  
  56  6:03  Overseer  
  64  6:07  Spine Crawler  
  64  6:09  Roach  
  64  6:10  Drone  
  66  6:16  Overlord  
  66  6:21  Spine Crawler  
  66  6:22  Drone  
  66  6:25  Spine Crawler  
  65  6:28  Drone  
  66  6:38  Roach x2  
  70  6:41  Roach x2  
  70  6:42  Overlord  
  70  6:46  Zerg Missile Weapons Level 1  
  74  6:52  Spine Crawler  
  73  6:55  Spore Crawler  
  73  6:56  Drone  
  73  6:58  Drone  
  76  7:08  Roach  
  76  7:09  Roach x2  
  76  7:10  Drone  
  76  7:11  Drone  
  76  7:14  Extractor  
  76  7:15  Drone  
  82  7:35  Roach  
  81  7:38  Drone  
  76  7:44  Roach  
  76  7:45  Roach x2  
  80  7:57  Roach x4  
  76  7:59  Roach  
  76  8:02  Roach  
  76  8:05  Roach  
  75  8:08  Roach  
  71  8:15  Roach  
  71  8:16  Roach x2  
  74  8:21  Drone x3  
  74  8:24  Spine Crawler  
  74  8:25  Roach  
  65  8:34  Spine Crawler  
  65  8:40  Zerg Ground Armor Level 2  
  54  8:50  Roach x2  
  54  8:52  Roach x4  
  66  8:56  Zergling x2  
  66  9:02  Roach  
  59  9:10  Roach x2  
  59  9:16  Roach  
  65  9:21  Roach  
  66  9:28  Roach x3  
  66  9:29  Roach  
  66  9:30  Roach  
  76  9:34  Spine Crawler  
  59  9:46  Roach x2  
  59  9:52  Roach x2  
  63  9:54  Roach x2  
  55  10:23  Drone  
  55  10:24  Drone x3  
  55  10:25  Drone x2  
  61  10:39  Roach  
  63  10:44  Roach  
  65  10:54  Roach  
  65  10:55  Roach x2  
  69  11:01  Overlord  
  69  11:08  Spine Crawler  
  64  11:18  Drone  
  60  11:22  Spine Crawler  
  53  11:35  Drone x2  
  53  11:36  Drone x2  
  54  11:52  Drone x2  
  54  11:53  Drone x2  
  54  11:57  Spine Crawler  
  8  12:26  Zergling x2  
Tags
 
Add a new tag
Caveats
  • Supply blocks, unpowered buildings, or Contaminate may cause inaccurate times.
  • Supply counts are checked every 10 seconds.